 Dungeon Crawl Stone Soup version 0.30-b1-2-g02819fbbbe (webtiles) character file.

Game seed: 13678875974370622194

1190 lorenzova the Thaumaturge (level 8, 0/61 HPs)
             Began as a Deep Elf Conjurer on May 20, 2023.
             Succumbed to a hornet's poison
             ... on level 6 of the Dungeon.
             The game lasted 00:11:24 (7207 turns).

lorenzova the Thaumaturge (Deep Elf Conjurer)       Turns: 7207, Time: 00:11:25

Health: 0/61       AC:  4    Str:  4    XL:     8   Next: 19%
Magic:  18/23      EV: 12    Int: 36    God:
Gold:   345        SH:  0    Dex: 13    Spells: 4/25 levels left

rFire   . . .        o - +7 mace of the Eternal Warrior {flame, rElec Int+4}
rCold   . . .        (no shield)
rNeg    . . .        a - +0 robe
rPois   .            (no helmet)
rElec   +            (no cloak)
rCorr   .            v - +1 Delatra's gloves {ID++}
SInv    +            (no boots)
Will    .....        (no amulet) Stlth
                     m - +6 ring of intelligence
HPRegen 0.30/turn    p - ring of see invisible
MPRegen 0.18/turn

%: no passive effects
@: berserking, lethally poisoned (0 -> -19), slowed
A: no striking features
a: no special abilities


You were on level 6 of the Dungeon.
You visited 1 branch of the dungeon, and saw 6 of its levels.

You collected 345 gold pieces.

Inventory:

Hand Weapons
 o - the +7 mace of the Eternal Warrior (weapon) {flame, rElec Int+4}
   (You found it on level 3 of the Dungeon)

   Int:       It affects your intelligence (+4).
   rElec:     It insulates you from electricity.
Armour
 a - a +0 robe (worn)
 v - the +1 Delatra's gloves (worn) {ID++}
   (You found it on level 5 of the Dungeon)

   ID++:      It heals its wearer when they drink unknown potions, and restores
   their MP when they read unknown scrolls.
Jewellery
 m - a +6 ring of intelligence (left hand)
 p - a ring of see invisible (right hand)
Wands
 k - a wand of polymorph (9)
 s - a wand of charming (19)
Scrolls
 c - a scroll of noise
 e - a scroll of fear {unknown}
 g - 2 scrolls of poison {unknown}
 h - 3 scrolls of teleportation
 i - 2 scrolls of identify {unknown}
 j - 2 scrolls of brand weapon {unknown}
 n - 2 scrolls of butterflies
 q - a scroll of silence {unknown}
 r - 2 scrolls of torment {unknown}
 u - 2 scrolls of amnesia
 w - a scroll of fog {unknown}
 y - 3 scrolls of vulnerability {unknown}
Potions
 b - a potion of magic
 d - 4 potions of curing {unknown}
 f - a potion of flight {unknown}
 l - 2 potions of heal wounds {unknown}
 x - a potion of degeneration {unknown}
 z - a potion of brilliance {unknown}
 A - a potion of might {unknown}


   Skills:
 - Level 2.4 Dodging
 - Level 2.4 Stealth
 * Level 9.3 Spellcasting
 * Level 8.6 Conjurations
 + Level 1.3 Hexes
 + Level 0.9 Translocations
 * Level 1.5 Fire Magic


You had 4 spell levels left.
You knew the following spells:

 Your Spells              Type           Power      Damage    Failure   Level
a - Magic Dart            Conj           100%       1d8       1%          1
b - Searing Ray           Conj           100%       2d8       1%          2
c - Iskenderun's Mystic   Conj/Tloc      50%        2d11      3%          4
d - Fulminant Prism       Conj/Hex       25%        3d14      3%          4
e - Iskenderun's Battles  Conj           68%        2d12      1%          5
f - Fireball              Conj/Fire      26%        3d12      9%          5

Your spell library contained the following spells:

 Spells                   Type           Power      Damage    Failure   Level
 Slow                     Hex            100%       N/A       1%          1
 Dazzling Flash           Conj/Hex       100%       N/A       1%          3
 Summon Small Mammal      Summ           64%        N/A       2%          1
 Lesser Beckoning         Tloc           46%        N/A       2%          2
 Confusing Touch          Hex            26%        N/A       4%          3
 Gell's Gravitas          Tloc           23%        N/A       4%          3
 Teleport Other           Tloc           23%        N/A       4%          3
 Summon Guardian Golem    Hex/Summ       21%        N/A       6%          3
 Call Canine Familiar     Summ           16%        N/A       8%          3
 Vampiric Draining        Necr           16%        2d7       8%          3
 Petrify                  Tmut/Erth      16%        N/A       26%         4
 Metabolic Englaciation   Hex/Ice        10%        N/A       47%         5
 Orb of Destruction       Conj           34%        9d10      52%         7
 Conjure Ball Lightning   Conj/Air       23%        3x3d6     54%         6
 Statue Form              Tmut/Erth      10%        N/A       98%         6


Dungeon Overview and Level Annotations

Branches:
Dungeon (6/15)
 Temple: D:4-7

Altars:
Cheibriados
Fedhas
Kikubaaqudgha
Makhleb
Nemelex Xobeh
Okawaru
Ru
Sif Muna
Xom

Annotations:
D:3 1 runed translucent door, FlatIsJustice's ghost, amateur TeAE


Message History

a +0 scale mail; a +0 dagger
Found a club.
Casting: Searing Ray (safe; 1% risk of failure)
Confirm with . or Enter, or press ? or * to list all spells.
Aiming: Magic Dart (safe; 1% risk of failure)
Press: ? - help, Shift-Dir - straight line, f - hornet
Aim: a hornet (100% to hit)
The magic dart hits the hornet.
The hornet is lightly wounded.
Unknown command.
Casting: Magic Dart (safe; 1% risk of failure)
Confirm with . or Enter, or press ? or * to list all spells.
Aiming: Searing Ray (safe; 1% risk of failure)
Press: ? - help, Shift-Dir - straight line, f/p - hornet
Aim: a hornet (lightly wounded, 74% to hit)
The searing ray misses the hornet. (Press . to maintain the ray.) Unknown command.
The searing ray hits the hornet.
The hornet is lightly wounded.
The searing ray hits the hornet but does no damage.
The hornet is lightly wounded.
The hornet closely misses you.
The searing ray hits the hornet.
The hornet is moderately wounded.
You finish channelling your searing ray.
The hornet stings you!
You feel yourself slow down. The hornet stings you.
You are poisoned.
You feel as though you will be slow longer.
You thump the hornet! You burn the hornet.
The hornet is heavily wounded.
You feel very sick.
The hornet stings you but does no damage.
The hornet closely misses you. The hornet stings you!
* * * LOW HITPOINT WARNING * * *
You are more poisoned.
You feel as though you will be slow longer.
A red film seems to cover your vision as you go berserk!
You feel yourself moving faster!
You feel mighty!
You die...

#### # ####..## ## )###.##...#
.#..# #..#....# #.#..###.......#
### ####......##.......#
##.###### #........###........
#...##..# #..@..........#...##
##.......# #...y.........##.###
#........###............#...##.
####.......#.............##....#.
#..<[..............#.............
#..................#...#.........
..................##...##.###....
.................##....#.........
###............###...........###.


You could see a hornet.

Vanquished Creatures
  A sky beast (D:6)
  A black bear (D:6)
  3 ogres
  2 phantoms (D:5)
  A bullfrog (D:6)
  A scorpion (D:5)
  An orc priest (D:4)
  A jelly (D:5)
  3 iguanas (D:5)
  2 orc wizards
  2 sleepcaps
  Robin (D:2)
  8 adders
  4 gnolls
  An ufetubus (D:5)
  A worm (D:2)
  5 dart slugs
  13 orcs
  6 ball pythons
  4 endoplasms
  2 giant cockroaches
  18 goblins
  8 hobgoblins
  8 jackals
  13 kobolds
  3 quokkas
  5 bats
  2 frilled lizards
  4 rats
124 creatures vanquished.

Vanquished Creatures (others)
  5 toadstools (D:1)
  6 withered plants (D:5)
11 creatures vanquished.

Grand Total: 135 creatures vanquished

Notes
Turn   | Place    | Note
-------+----------+-------------------------------------------
     0 | D:1      | lorenzova the Deep Elf Conjurer began the quest for the
                  | Orb.
     0 | D:1      | Reached XP level 1. HP: 10/10 MP: 6/6
   228 | D:1      | Reached XP level 2. HP: 15/15 MP: 6/8
   231 | D:1      | Learned a level 2 spell: Searing Ray
   596 | D:1      | Reached skill level 4 in Spellcasting
   964 | D:1      | Reached skill level 5 in Conjurations
   964 | D:1      | Reached XP level 3. HP: 19/19 MP: 8/10
  1936 | D:2      | Noticed Robin
  1947 | D:2      | Killed Robin
  1948 | D:2      | Reached XP level 4. HP: 24/24 MP: 4/12
  2379 | D:3      | Identified the +7 mace of the Eternal Warrior {flame, rElec
                  | Int+4}
  2429 | D:3      | Reached skill level 5 in Spellcasting
  2878 | D:3      | Noticed FlatIsJustice's ghost (amateur TeAE)
  2897 | D:3      | Found a runed translucent door.
  2973 | D:3      | Found a burning altar of Makhleb.
  3243 | D:4      | Found a shimmering altar of Xom.
  3544 | D:4      | Identified the +2 scale mail of Tenacity {rElec Int+4}
  3555 | D:4      | Reached XP level 5. HP: 14/28 MP: 7/14
  3576 | D:4      | Noticed an ogre
  3581 | D:4      | Killed an ogre
  3582 | D:4      | Reached skill level 6 in Spellcasting
  3731 | D:4      | Found an iron altar of Okawaru.
  4103 | D:4      | Found a snail-covered altar of Cheibriados.
  4108 | D:4      | Found a blossoming altar of Fedhas.
  4115 | D:4      | Found a shimmering blue altar of Sif Muna.
  4115 | D:4      | Found a sparkling altar of Nemelex Xobeh.
  4230 | D:4      | Reached XP level 6. HP: 5/32 MP: 12/17
  4363 | D:4      | Found a sacrificial altar of Ru.
  4557 | D:5      | Entered Level 5 of the Dungeon
  4651 | D:5      | Reached skill level 7 in Spellcasting
  4998 | D:5      | Reached XP level 7. HP: 36/36 MP: 13/19
  5040 | D:5      | Found an ancient bone altar of Kikubaaqudgha.
  5308 | D:5      | Reached skill level 8 in Spellcasting
  5435 | D:5      | Found the +1 Delatra's gloves {ID++}
  6379 | D:6      | Noticed a hornet
  6549 | D:6      | Reached skill level 9 in Spellcasting
  6853 | D:6      | Learned a level 4 spell: Iskenderun's Mystic Blast
  6858 | D:6      | Learned a level 4 spell: Fulminant Prism
  6864 | D:6      | Learned a level 5 spell: Iskenderun's Battlesphere
  6870 | D:6      | Learned a level 5 spell: Fireball
  6885 | D:6      | Reached XP level 8. HP: 41/41 MP: 16/23
  7010 | D:6      | Reached skill level 1 in Hexes
  7010 | D:6      | Reached skill level 1 in Fire Magic
  7166 | D:6      | Identified the +0 chain mail "Giaj Cat" {rPois rC- Dex+3}
  7207 | D:6      | Succumbed to a hornet's poison

Illustrated notes

Levels and vault maps discovered:
D:1:      ldierk_walled_garden, layout_loops_cross
D:2:      layout_loops_ring, uniq_robin
D:3:      layout_basic, lemuel_tele_altar, hellmonk_ghost_happy_afterlife,
          minmay_unequal
D:4:      layout_basic, general_overflow_altar,
          nicolae_overflow_hallway_of_the_gods,
          mainiacjoe_overflow_surrounded_room
D:5:      layout_gridville, kiku_gazebo_garden_becter, nicolae_titane
D:6:      layout_cave_pools, kennysheep_generic_room_4

Skill      XL: |  1  2  3  4  5  6  7  8 |
---------------+-------------------------+-----
Spellcasting   | 4 5 6 7 9 |  9.3
Conjurations   | 5 6 7 8 |  8.6
Hexes          | 1 |  1.3
Fire Magic     | 1 |  1.5
Dodging        | |  2.4
Stealth        | |  2.4
Translocations | |  0.9

Action                     |  1- 3 |  4- 6 |  7- 9 || total
---------------------------+-------+-------+-------++-------
  Melee: Mace              |       |    14 |     3 ||    17
   Cast: Magic Dart        |    86 |    88 |    48 ||   222
         Searing Ray       |     2 |    11 |    18 ||    31
    Use: Scroll            |       |     3 |     1 ||     4
         Potion            |       |       |     1 ||     1
   Stab: Sleeping          |       |     1 |       ||     1
 Armour: Robe              |     1 |     6 |     4 ||    11
  Dodge: Dodged            |     3 |    13 |    12 ||    28
